 Dungeon Crawl Stone Soup version 0.16.1-4-g8e1b745 (webtiles) character file.

9724 Zugr the Grappler (level 11, -1/93 HPs)
             Began as a Minotaur Fighter on Mar 28, 2015.
             Was an Elder of Cheibriados.
             Slain by a hog (11 damage)
             ... led by Kirke
             ... on level 14 of the Dungeon.
             The game lasted 00:23:40 (8194 turns).

Zugr the Grappler (Minotaur Fighter)                Turns: 8194, Time: 00:23:40

Health: -1/93      AC:  0    Str: 32    XL:     11   Next: 26%
Magic:  8/8        EV: 23    Int: 15    God:    Cheibriados [****..]
Gold:   516        SH:  0    Dex: 22    Spells: 0 memorised, 10 levels left

rFire  . . .     SeeInvis .       - Unarmed
rCold  . . .     Clarity  .     w - melded +0 chain mail
rNeg   . . .     SustAb   .     c - melded +0 shield
rPois  .         Gourm    +     (helmet currently unavailable)
rElec  .         Spirit   .     (cloak currently unavailable)
rCorr  .         Warding  .     t - melded +0 pair of gloves
rMut   .         Stasis   .     O - melded +1 pair of boots
MR     .....                    D - amulet of the gourmand
Stlth  ++........               H - melded +4 ring of evasion
                                p - melded +4 ring of dexterity

@: pig-form, studying Slings, very slow, not resistant to hostile enchantments,
unstealthy
A: (retaliatory headbutt), (horns 0)
a: Bend Time, Temporal Distortion, Slouch, Renounce Religion


You were on level 14 of the Dungeon.
You worshipped Cheibriados.
Cheibriados was greatly pleased with you.
You were very full.
You were a filthy swine.
You visited 2 branches of the dungeon, and saw 13 of its levels.
You also visited: Sewer and Ice Cave.

You collected 516 gold pieces.

Inventory:

Armour
 c - a +0 shield (melded)
 t - a +0 pair of gloves (melded)
 w - a +0 chain mail (melded)
 O - a +1 pair of boots (melded)
Jewellery
 p - a +4 ring of dexterity (melded)
 y - an uncursed ring of stealth
 D - an amulet of the gourmand (around neck)
 H - a +4 ring of evasion (melded)
 L - an uncursed ring of flight
 T - a cursed -3 ring of slaying {unknown}
Magical devices
 U - a wand of polymorph (14)
Scrolls
 g - a scroll of fog {unknown}
 i - 3 scrolls of noise {unknown}
 j - 7 scrolls of remove curse {unknown}
 k - 5 scrolls of fear {unknown}
 n - a scroll of enchant weapon {unknown}
 u - 2 scrolls of enchant armour {unknown}
 v - a scroll of amnesia {unknown}
 B - a scroll of summoning {unknown}
 C - a scroll of random uselessness {unknown}
 I - 5 scrolls of blinking {unknown}
 J - 4 scrolls of teleportation {unknown}
 K - a scroll of vulnerability {unknown}
 M - a scroll of torment {unknown}
 N - a scroll of magic mapping {unknown}
 Q - 2 scrolls of identify
 S - a scroll of brand weapon {unknown}
Potions
 b - 4 potions of resistance
 d - 5 potions of brilliance
 e - a potion of might
 l - 2 potions of invisibility
 m - 8 potions of flight
 o - 3 potions of restore abilities
 x - 2 potions of curing
 A - a potion of magic
 E - 2 potions of heal wounds
 F - a potion of cancellation {unknown}
 P - a potion of ambrosia {unknown}
 R - 2 potions of agility {unknown}
Books
 f - a manual of Slings
 G - a book of Hinderance

   Spells                             Type                      Level
   a - Confusing Touch                Hexes                        2
   b - Confuse                        Hexes                        3
   c - Petrify                        Transmutation/Earth          4
   d - Metabolic Englaciation         Hexes/Ice                    5
   e - Gell's Gravitas                Hexes/Translocation          5
   f - Summon Mana Viper              Hexes/Summoning              5
Comestibles
 a - 6 bread rations
 h - 7 fruits
 q - a royal jelly
 r - a slice of pizza
 s - 4 beef jerkies
 z - a meat ration


   Skills:
 + Level 7.7 Fighting
 - Level 9.1 Armour
 + Level 8.1 Dodging
 + Level 8.0 Shields
 + Level 12.6 Unarmed Combat
 + Level 2.5 Invocations


You had 10 spell levels left.
You didn't know any spells.

Dungeon Overview and Level Annotations

Branches:
Dungeon (14/15)            Temple (1/1) D:7          Vaults (0/5) D:14
   Lair: D:8-11         Orc: D:9-12

Altars:
Ashenzari
Cheibriados
Dithmenos
Elyvilon
Fedhas
Gozag
Kikubaaqudgha
Makhleb
Nemelex Xobeh
Okawaru
Qazlal
Ru
Sif Muna
Trog
Vehumet
Xom
Yredelemnul
Zin
The Shining One

Shops:
D:4 ?   D:7 (   D:10 }

Annotations:
D:14 Kirke


Innate Abilities, Weirdness & Mutations

((You reflexively headbutt those who attack you in melee.))
((You have a pair of horns on your head.))


Message History

The hog completely misses you. The hog closely misses you.
The hog completely misses you. The hog misses you.
The hog completely misses you.
You hit Kirke!
Kirke is heavily wounded.
The hog barely misses you. Kirke gestures at you while chanting.
You barely resist. The hog bites you! The hog misses you. The hog bites you.
The hog completely misses you.
You hit Kirke!!
Kirke is severely wounded.
The hog misses you. Kirke completely misses you. The hog bites you!
The hog closely misses you. The hog bites you!
* * * LOW HITPOINT WARNING * * *
You are too injured to fight recklessly!
The hog bites you!
* * * LOW HITPOINT WARNING * * *
The hog misses you. The hog closely misses you. The hog barely misses you.
The hog bites you!
You die...

... .......<.
...........
.............
[..∩...........
...............
...............
.......hh........
.......@h........
.......hhh.......
...............
###...#########
#... #... #.. ..


You could see Kirke and 5 hogs.

Vanquished Creatures
  An unseen horror (D:10)
  An ugly thing (D:8)
  A gargoyle (D:8)
  2 centaur skeletons (D:8)
  A kobold demonologist (D:13)
  6 polar bears (IceCv)
  A troll (D:13)
  A wyvern (D:9)
  10 yaks
  4 wolves (IceCv)
  8 ogres
  3 orc warriors
  2 black bears
  10 ice beasts
  2 centaurs
  A crocodile (Sewer)
  2 big kobolds (D:7)
  2 giant frogs
  A wyvern skeleton (D:6)
  2 scorpions
  12 wights
  6 crimson imps
  3 jellies
  A goliath beetle (D:8)
  5 hounds
  A giant frog skeleton (D:7)
  5 orc priests
  An iguana (D:10)
  5 orc wizards
  10 worker ants
  A killer bee zombie (D:10)
  Ijyb (D:7)
  2 hound zombies
  Terence (D:3)
  9 adders
  6 gnolls
  A giant mite (D:3)
  2 shadow imps
  5 worms
  An adder zombie (D:8)
  An adder skeleton (D:9)
  5 giant geckos
  2 oozes
  31 orcs
  A bat skeleton (D:8)
  7 giant cockroaches
  11 hobgoblins
  6 jackals
  35 kobolds
  4 quokkas
  2 ball pythons
  22 bats
  A giant gecko zombie (D:6)
  7 giant newts
  13 goblins
  14 rats
301 creatures vanquished.

Notes
Turn   | Place    | Note
--------------------------------------------------------------
     0 | D:1      | Zugr, the Minotaur Fighter, began the quest for the Orb.
     0 | D:1      | Reached XP level 1. HP: 19/19 MP: 1/1
   179 | D:1      | Reached XP level 2. HP: 24/26 MP: 1/1
   726 | D:2      | Reached XP level 3. HP: 31/31 MP: 2/2
   739 | D:2      | Reached skill level 4 in Unarmed Combat
  1074 | D:2      | Reached XP level 4. HP: 36/39 MP: 2/2
  1121 | D:2      | Reached skill level 5 in Unarmed Combat
  1342 | D:3      | Noticed Terence
  1353 | D:3      | Killed Terence
  1387 | D:3      | Reached XP level 5. HP: 19/45 MP: 2/2
  1633 | D:3      | Reached skill level 6 in Unarmed Combat
  2069 | D:4      | Noticed an ogre
  2088 | D:4      | Killed an ogre
  2088 | D:4      | Reached skill level 7 in Unarmed Combat
  2088 | D:4      | Reached XP level 6. HP: 41/51 MP: 3/3
  2145 | D:4      | Found a shattered altar of Ashenzari.
  2153 | D:4      | Found Giosoil's Magic Scroll Boutique.
  2248 | D:4      | Reached skill level 8 in Unarmed Combat
  2263 | D:4      | Found a glowing silver altar of Zin.
  2317 | D:4      | Found a glowing drain.
  2343 | Sewer    | Entered a sewer
  2379 | Sewer    | Reached XP level 7. HP: 29/57 MP: 3/3
  2690 | D:4      | Noticed an ogre
  2698 | D:4      | Killed an ogre
  2698 | D:4      | Reached skill level 9 in Unarmed Combat
  3070 | D:5      | Entered Level 5 of the Dungeon
  3096 | D:5      | Found an iron altar of Okawaru.
  3134 | D:5      | Reached skill level 10 in Unarmed Combat
  3173 | D:5      | Reached skill level 1 in Dodging
  3173 | D:5      | Reached XP level 8. HP: 60/64 MP: 3/3
  3756 | D:6      | Reached skill level 5 in Armour
  4578 | D:7      | Found a staircase to the Ecumenical Temple.
  4591 | Temple   | Entered the Ecumenical Temple
  4602 | Temple   | Became a worshipper of Cheibriados the Contemplative
  4716 | D:7      | Reached skill level 11 in Unarmed Combat
  4721 | D:7      | Reached XP level 9. HP: 64/70 MP: 4/4
  4763 | D:7      | Noticed Ijyb
  4767 | D:7      | Killed Ijyb
  4976 | D:7      | Found Xoutagg's Antique Weapon Emporium.
  5125 | D:7      | Found a sacrificial altar of Ru.
  5148 | D:7      | Reached skill level 5 in Dodging
  5179 | D:7      | Acquired Cheibriados' first power
  5198 | D:7      | Found a shattered altar of Ashenzari.
  5200 | D:7      | Found a shadowy altar of Dithmenos.
  5644 | D:8      | Noticed a centaur skeleton
  5648 | D:8      | Killed a centaur skeleton
  5697 | D:8      | Noticed a green ugly thing
  5707 | D:8      | Killed a green ugly thing
  5707 | D:8      | Reached skill level 5 in Shields
  6082 | D:8      | Noticed a gargoyle
  6092 | D:8      | Killed a gargoyle
  6092 | D:8      | Reached skill level 5 in Fighting
  6428 | D:9      | Reached XP level 10. HP: 65/81 MP: 4/4
  6659 | D:9      | Acquired Cheibriados' second power
  7097 | D:10     | Entered Level 10 of the Dungeon
  7121 | D:10     | Killed an unseen horror
  7135 | D:10     | Found Ituodd's Gadget Shoppe.
  7159 | D:10     | Reached skill level 12 in Unarmed Combat
  7235 | D:10     | You fall through a shaft for 3 floors!
  7256 | D:13     | Acquired Cheibriados' third power
  7352 | D:13     | Found a frozen archway.
  7389 | IceCv    | Entered an ice cave
  7414 | IceCv    | Reached skill level 1 in Invocations
  7632 | IceCv    | Reached XP level 11. HP: 75/92 MP: 5/6
  7788 | IceCv    | Noticed an ice statue
  8184 | D:14     | Found a gate to the Vaults.
  8184 | D:14     | Noticed Kirke
  8194 | D:14     | Slain by a hog

Action                   |  1- 3 |  4- 6 |  7- 9 | 10-12 || total
-------------------------+-------+-------+-------+-------++-------
Melee: Unarmed           |    79 |   217 |   350 |   208 ||   854
Invok: Bend Time         |       |       |       |     1 ||     1
  Use: Scroll            |       |       |    10 |     2 ||    12
  Eat: Chunk             |       |     5 |     9 |    11 ||    25
       Pizza             |       |       |     1 |       ||     1
       Meat ration       |       |       |     1 |       ||     1
